AoeStats
← pelto

Arabian Desert

509940855Analyzed
1v1 RM · 4d ago on Sep 28, 2026· 96m 55s· 2 players
Game mode
Random Map
Map size
Tiny (2 player)
Population
200
Speed
Normal
Resources
Standard
Victory
Conquest
Starting age
Dark Age
Ending age
Imperial Age
RankedLock teamsTeams togetherTeam positionsShared explorationLock speedFull tech treeHidden civsTurbo modeCheats
Victory
Defeat
🇸🇪 Byzantines · Sweden
525
+17
🇺🇸 Portuguese · United States
549
-17
nels
8:42 Loom
11:13 Feudal Age
16:19 Castle Age
21:50 Gold Mining
26:24 Double-Bit Axe
29:25 Forging
29:15 Scale Mail Armor
34:52 Gold Shaft Mining
37:30 Squires
36:50 Pikeman
46:49 Imperial Age
45:53 Ballistics
45:23 Guard Tower
50:02 Conscription
50:53 Chemistry
49:38 Arrowslits
50:29 Keep
49:36 Halberdier
49:48 Halberdier
50:32 Horse Collar
51:53 Iron Casting
51:33 Chain Mail Armor
51:40 Bow Saw
52:50 Stone Mining
54:43 Two-Man Saw
54:47 Onager
56:12 Plate Mail Armor
55:47 Scale Barding Armor
56:25 Bombard Tower
56:36 Logistica
57:09 Elite Varangian Guard
58:15 Elite Cataphract
59:27 Heavy Plow
60:44 Crop Rotation
61:22 Wheelbarrow
62:38 Scale Barding Armor
69:26 Chain Barding Armor
79:35 Plate Barding Armor
80:22 Illumination
80:18 Block Printing
80:14 Fervor
80:29 Heresy
80:50 Theocracy
81:16 Crossbowman
82:01 Thumb Ring
81:58 Arbalester
83:27 Padded Archer Armor
83:18 Fletching
84:52 Bodkin Arrow
85:12 Leather Archer Armor
86:36 Bracer
87:07 Ring Archer Armor
pelto
1:34 Loom
10:45 Feudal Age
12:28 Wheelbarrow
14:45 Town Watch
16:36 Scale Barding Armor
23:19 Castle Age
22:14 Bloodlines
25:20 Forging
28:23 Hand Cart
33:03 Town Patrol
40:41 Imperial Age
37:52 Pikeman
44:24 Sanctity
44:24 Heresy
43:48 Halberdier
45:32 Scale Mail Armor
45:23 Fletching
50:00 Murder Holes
53:35 Masonry
55:50 Chain Barding Armor
55:33 Bodkin Arrow
57:04 Cavalier
71:37 Plate Barding Armor
Connection lost

Rejoining the realm…

Still unreachable

The connection could not be restored.

Session expired

The server has moved on; the page needs a fresh start.